 Dungeon Crawl Stone Soup version 0.31-a0-1227-g0136665373 (webtiles) character file.

Game seed: 11663089875571466720

369825 Twinkles the Cloud Mage (level 21, 0/194 (198) HPs)
             Began as a Red Draconian Air Elementalist on Nov 26, 2023.
             Was the Champion of Fedhas.
             Slain by a phantasmal warrior (25 damage)
             ... on level 1 of the Crypt on Dec 14, 2023.
             The game lasted 09:11:22 (91529 turns).

Twinkles the Cloud Mage (DrAE)                     Turns: 91529, Time: 09:11:23

HP:   0/194 (198)   AC: 23    Str: 10    XL:     21   Next: 67%
MP:   5/38          EV: 19    Int: 34    God:    Fedhas [******]
Gold: 565           SH: 14    Dex: 14    Spells: 1/46 levels left

rFire   + + .        a - +17 lance "Wyrmbane" {slay drac, rPois rF+ rC+ AC+3}
rCold   + . .        q - +5 Storm Queen's Shield {shock, Fly rElec}
rNeg    . . .        (body armour unavailable)
rPois   +            t - +2 hat {Int+3}
rElec   +            m - +2 cloak
rCorr   .            k - +2 pair of gloves
SInv    .            i - +0 pair of boots
Will    +....        r - amulet of faith
Stlth   +++          w - +5 ring of evasion
HPRegen 0.52/turn    z - +6 ring of intelligence
MPRegen 0.26/turn

%: faith
@: swift, about to teleport, flying, lightly drained, very quick
A: breathe fire, AC +11, unfitting armour, fire resistance 1, cold-blooded
}: 2/15 runes: barnacled, gossamer
a: Breathe Fire, Renounce Religion, Wall of Briars, Grow Ballistomycete,
Overgrow, Grow Oklob


You were on level 1 of the Crypt.
You worshipped Fedhas.
Fedhas was exalted by your worship.
You visited 9 branches of the dungeon, and saw 40 of its levels.
You also visited: Bailey, Gauntlet and Ice Cave.

You collected 4086 gold pieces.
You spent 3521 gold pieces at shops.

Inventory:

Hand Weapons
 a - the +17 lance "Wyrmbane" (weapon) {slay drac, rPois rF+ rC+ AC+3}
   (You bought it in a shop on level 2 of the Orcish Mines)

   AC+3:      It affects your AC (+3).
   rF+:       It protects you from fire.
   rC+:       It protects you from cold.
   rPois:     It protects you from poison
 b - the +3 long sword of Extinguishment {holy, Will+ Dex+3}
   (You found it on level 1 of the Shoals)

   Dex+3:     It affects your dexterity (+3).
   Will+:     It increases your willpower.
Missiles
 g - 5 throwing nets
Armour
 i - a +0 pair of boots (worn)
 k - a +2 pair of gloves (worn)
 l - a +0 buckler of protection
 m - a +2 cloak (worn)
 q - the +5 Storm Queen's Shield (worn) {shock, Fly rElec}
   (You bought it in a shop on level 4 of the Vaults)

   Shock:     When it blocks an attack, it may electrocute the attacker.
   This works even against foes who are a short distance away.
   rElec:     It insulates you from electricity.
   Fly:       It grants you flight.
 t - a +2 hat of intelligence (worn)
Jewellery
 d - a +4 ring of slaying
 e - a ring of see invisible
 n - a ring of protection from cold
 r - an amulet of faith (around neck)
 w - a +5 ring of evasion (left hand)
 x - a ring of flight
 z - a +6 ring of intelligence (right hand)
 L - a ring of wizardry
Wands
 h - a wand of acid (23)
 j - a wand of polymorph (27)
 o - a wand of roots (20)
 p - a wand of paralysis (40)
 y - a wand of mindburst (28)
Scrolls
 c - 3 scrolls of poison
 f - 5 scrolls of noise
 s - 2 scrolls of amnesia
 u - 4 scrolls of enchant armour
 v - 8 scrolls of enchant weapon
 D - a scroll of blinking
 E - 4 scrolls of fear
 F - 6 scrolls of fog
 K - 6 scrolls of immolation
 O - a scroll of silence
 S - 2 scrolls of summoning
 V - 6 scrolls of vulnerability
 W - 3 scrolls of revelation
 Y - 9 scrolls of teleportation
 Z - a scroll of identify
Potions
 A - 8 potions of attraction
 B - 4 potions of brilliance
 C - a potion of cancellation
 G - 4 potions of ambrosia
 H - 9 potions of haste
 I - a potion of invisibility
 J - 13 potions of curing
 M - 9 potions of might
 P - 2 potions of lignification
 Q - a potion of magic
 R - 2 potions of resistance
 T - 5 potions of berserk rage
 U - 9 potions of mutation
 X - 5 potions of enlightenment


   Skills:
 - Level 19.0 Fighting
 - Level 3.9 Short Blades
 - Level 7.4 Polearms
 - Level 10.0 Dodging
 - Level 4.8 Stealth
 + Level 5.0 Shields
 - Level 13.1 Spellcasting
 - Level 17.2 Conjurations
 - Level 4.2 Summonings
 - Level 3.8 Ice Magic
 - Level 21.1 Air Magic
 - Level 15.0 Invocations


You had one spell level left.
You knew the following spells:

 Your Spells              Type           Power      Damage    Failure   Level
a - Airstrike             Air            52%        2d(8-24)  0%          4
b - Blink                 Tloc           44%        N/A       12%         2
c - Swiftness             Air            100%       N/A       0%          3
d - Mephitic Cloud        Conj/Pois/Air  83%        N/A       1%          3
e - Sticky Flame          Conj/Fire      69%        2d8       2%          4
f - Freezing Cloud        Conj/Ice/Air   43%        6-21      1%          5
h - Vhi's Electric Charg  Tloc/Air       100%       N/A       1%          4
j - Arcjolt               Conj/Air       50%        1d60      1%          5
m - Maxwell's Capacitive  Air            52%        ∞         9%          8
p - Shock                 Conj/Air       100%       1d9       0%          1
s - Summon Lightning Spi  Summ/Air       83%        N/A       1%          4
z - Static Discharge      Conj/Air       100%       3-8/arc   0%          2

Your spell library contained the following spells:

 Spells                   Type           Power      Damage    Failure   Level
 Freeze                   Ice            100%       1d10      1%          1
 Sandblast                Erth           44%        2d11      8%          1
 Slow                     Hex            88%        N/A       8%          1
 Cigotuvi's Dreadful Rot  Necr/Pois/Air  100%       N/A       1%          2
 Momentum Strike          Conj/Tloc      100%       3d10      1%          2
 Hailstorm                Conj/Ice       76%        3d13      1%          3
 Stone Arrow              Conj/Erth      100%       3d13      1%          3
 Brom's Barrelling Bould  Conj/Erth      69%        2d8       2%          4
 Iskenderun's Mystic Bla  Conj/Tloc      69%        2d14      2%          4
 Frozen Ramparts          Ice            96%        1d15      4%          3
 Ozocubu's Armour         Ice            48%        N/A       4%          3
 Ensorcelled Hibernation  Hex/Ice        70%        N/A       5%          2
 Irradiate                Conj/Tmut      34%        3d23      6%          5
 Jinxbite                 Hex            44%        N/A       12%         2
 Lesser Beckoning         Tloc           44%        N/A       12%         2
 Passwall                 Tmut/Erth      18%        N/A       12%         2
 Wereblood                Tmut           22%        N/A       12%         2
 Summon Ice Beast         Ice/Summ       49%        N/A       16%         4
 Confusing Touch          Hex            22%        N/A       24%         3
 Ignite Poison            Fire/Tmut/Pois 22%        N/A       24%         3
 Inner Flame              Hex/Fire       22%        N/A       24%         3
 Sigil of Binding         Hex            22%        N/A       24%         3
 Tukima's Dance           Hex            22%        N/A       24%         3
 Vampiric Draining        Necr           22%        2d7       24%         3
 Bombard                  Conj/Erth      34%        9d6       34%         6
 Anguish                  Hex/Necr       11%        N/A       61%         4
 Dimensional Bullseye     Hex/Tloc       11%        N/A       61%         4
 Leda's Liquefaction      Hex/Erth       11%        N/A       61%         4
 Manifold Assault         Tloc           22%        N/A       61%         4
 Olgreb's Toxic Radiance  Pois           22%        N/A       61%         4
 Lee's Rapid Deconstruct  Erth           11%        3d8*      91%         5
 Chain Lightning          Conj/Air       50%        3d67      97%         9
 Simulacrum               Ice/Necr       17%        N/A       99%         6
 Dispersal                Tloc           11%        N/A       100%        6
 Ozocubu's Refrigeration  Ice            24%        4d12      100%        7
 Discord                  Hex            11%        N/A       100%        8
 Disjunction              Tloc           11%        N/A       100%        8
 Ignition                 Fire           11%        3d5       100%        8
 Animate Armour           Summ/Erth      Unusable   N/A       N/A         4

Dungeon Overview and Level Annotations

Branches:
Dungeon (15/15) Zot: 22796  Temple (1/1) D:5 Zot: 5998    Lair (5/5) D:8 Zot: 20291
 Shoals (4/4) Lair:3 Zot: 14051  Spider (4/4) Lair:3 Zot: 11564   Slime (0/5) Lair:4
    Orc (2/2) D:9 Zot: 7500     Elf (0/3) Orc:2        Vaults (4/5) D:14 Zot: 8776
  Crypt (1/3) Vaults:2 Zot: 5411  Depths (4/4) D:15 Zot: 12914     Zot (0/5) Depths:4
 Bailey (visited)           IceCv (visited)         Gauntlet (visited)

Altars:
Ashenzari
Cheibriados
Dithmenos
Elyvilon
Fedhas
Gozag
Hepliaklqana
Kikubaaqudgha
Makhleb
Nemelex Xobeh
Okawaru
Qazlal
Ru
Sif Muna
Trog
Uskayaw
Vehumet
Wu Jian
Xom
Yredelemnul
Zin
The Shining One
Jiyva

Shops:
D:6 [   D:7 *   D:11 **(([   D:12 ?   Orc:2 =*(([   Vaults:1 [   Vaults:2 ([
Vaults:4 [(   Depths:1 [   Depths:2 !=

Portals:
Hell: Depths:1 Depths:2 Depths:3 Depths:4
Abyss: Depths:3
Pandemonium: Depths:2
Ziggurat: Depths:1

Annotations:
D:2 Sigmund
D:3 1 runed translucent door, Crazy Yiuf
Shoals:4 Bai Suzhen
Vaults:1 Zenata
Depths:1 1 runed translucent door, L4yla's ghost, master HOFi


Innate Abilities, Weirdness & Mutations

You can breathe blasts of fire.
Your fiery red scales are hard. (AC +11)
You cannot fit into any form of body armour.
Your flesh is heat resistant. (rF+)
You are cold-blooded and may be slowed by cold attacks.


Message History

Your body is wracked with pain!
* * * LOW HITPOINT WARNING * * *
Okay, then.
Unknown command.
Blink to where?
Press: ? - help, Dir - move target
As you read the scroll of blinking, it crumbles to dust.
Okay, then.
Unknown command.
Casting: Arcjolt (safe; 1% risk of failure)
Confirm with . or Enter, or press ? or * to list all spells.
Okay, then.
Unknown command.
Unknown command.
Casting: Arcjolt (safe; 1% risk of failure)
Confirm with . or Enter, or press ? or * to list all spells.
You feel quick.
You see here a +0 great sword.
A phantasmal warrior comes into view.
Casting: Swiftness (safe; 0% risk of failure)
Confirm with . or Enter, or press ? or * to list all spells.
Okay, then.
Unknown command.
Okay, then.
Unknown command.
Blink to where?
Press: ? - help, Dir - move target
As you read the scroll of blinking, it crumbles to dust.
The phantasmal warrior gestures at you.
The phantasmal warrior blinks!
The phantasmal warrior gestures at you.
The phantasmal warrior blinks!
The phantasmal warrior gestures at you.
The phantasmal warrior blinks!
As you read the scroll of teleportation, it crumbles to dust.
You feel strangely unstable.
The jiangshi claws you but does no damage. x2
The phantasmal warrior hits you!!
You die...
Fedhas appreciates your contribution to the ecosystem.

...###.## #.#........V......
##.....# #.#.####...#.#...#
#####.# #.#.# #...#.#...#
#.# #.#.# #...#.##.## #.#
#.#)# #####§##.# #.# #.#.###
####.##.# #.# #.#V..#
#...>##.# #.# #W#...#
#....V#.# #.# #@#...#
#...V.§.# #.# #V#.###
#^...M..# #.#########.#.#
#.....z.##
#.......#...#.##########zW..
#########...#.##...#####Z..{
.....................W....
###....§.####...#####...#
#......# ##### #...#
######.# ##.##


You could see a jiangshi (summoned) and a phantasmal warrior.

Vanquished Creatures
  3 juggernauts
  Saint Roka (Vaults:1)
  Margery (Depths:4)
  A golden dragon (Depths:3)
  Jory (Depths:4)
  A bone dragon (Depths:4)
  Arachne (Spider:2)
  2 liches (Depths:2)
  A walking earthen tome (Depths:3)
  2 tentacled monstrosities
  3 sphinxes
  A tengu reaver (Depths:4)
  Gastronok (Lair:3)
  Aizul (Vaults:4)
  Donald (Vaults:1)
  5 frost giants
  Louise (Shoals:2)
  An emperor scorpion (Spider:1)
  6 vault wardens
  2 fire giants
  An iron dragon (Depths:3)
  2 draconian stormcallers (Depths:4)
  7 stone giants
  4 orc warlords
  6 ghost moths
  2 broodmothers
  7 ironbound thunderhulks
  A caustic shrike skeleton (Crypt:1)
  10 ironbound preservers
  3 spriggan defenders
  12 very ugly things
  3 green draconians
  3 vampire knights
  8 dire elephants
  2 black draconians (Depths:4)
  7 spark wasps
  2 white draconians
  3 ettins
  8 fire dragons
  A jiangshi (Crypt:1)
  5 merfolk impalers
  4 entropy weavers
  3 great orbs of eyes
  5 ice dragons
  A salamander tyrant (Depths:4)
  2 vault guards
  10 yaktaur captains
  3 spriggan air magi
  4 centaur warriors
  2 ogre magi
  4 jorogumos
  A hydra (Lair:2)
  13 ironbound frosthearts
  An alligator snapping turtle (Shoals:3)
  4 boulder beetles
  9 two-headed ogres
  A satyr (Shoals:4)
  A vampire mage (Vaults:2)
  3 demonic crawlers (Spider:4)
  9 death yaks
  2 deep troll shamans
  3 occultists (Depths:1)
  7 deep troll earth magi
  5 tengu warriors
  Urug (Lair:3)
  Nergalle (D:12)
  2 hell knights (Depths:4)
  A spriggan berserker (Depths:4)
  An orc high priest (Orc:2)
  2 iron trolls
  4 skysharks
  A salamander mystic (Depths:4)
  3 skeletal warriors (Crypt:1)
  3 sun moths (Spider:2)
  A flayed ghost (Depths:2)
  4 pharaoh ants
  6 orb spiders
  A glowing orange brain (Depths:2)
  41 deep trolls
  7 sea snakes
  3 lindwurms
  A shadow dragon zombie (Depths:1)
  11 ironbound convokers
  14 orc knights
  3 phantasmal warriors
  2 tengu zombies (Vaults:4)
  13 harpies
  6 arcanists
  12 wolf spiders
  5 deep elf pyromancers
  29 ugly things
  4 necromancers
  An anaconda skeleton (Crypt:1)
  6 steelbarb worms
  A fire giant zombie (Depths:1)
  3 orc sorcerers (Orc:2)
  6 manticores
  5 fauns
  3 elephants (Lair:4)
  5 cyclopes
  A salamander (Depths:4)
  A fire giant skeleton (Depths:1)
  A goliath frog skeleton (Crypt:1)
  2 moths of wrath
  5 water nymphs
  9 merfolk sirens
  3 torpor snails
  2 black mambas
  12 vault sentinels
  A gargoyle (D:10)
  4 cane toads
  17 yaktaurs
  3 komodo dragons
  5 rime drakes
  A freezing wraith (D:15)
  3 tengu conjurers
  A yaktaur skeleton (Vaults:4)
  8 trolls
  A meliai (Spider:4)
  2 human skeletons (Vaults:1)
  10 polar bears
  16 tarantellas
  6 hornets
  3 blink frogs (Lair:2)
  16 merfolk
  A frost giant simulacrum (Depths:1)
  4 wind drakes
  2 ettin zombies
  4 dream sheep
  6 snapping turtles
  Prince Ribbit (D:6)
  A dream sheep (shapeshifter) (Depths:4)
  A human simulacrum (Vaults:3)
  9 culicivoras
  44 slime creatures
  17 jumping spiders
  9 yaks
  3 shadows
  4 flying skulls
  A wyvern (D:9)
  5 water elementals
  7 wraiths
  An elf zombie (Vaults:1)
  7 spriggans
  3 vampires
  2 ettin skeletons (Vaults:4)
  2 basilisks
  7 steam dragons
  Menkaure (D:4)
  25 redbacks
  A warg (Orc:1)
  An elf skeleton (Vaults:3)
  5 vampire mosquitoes
  3 acid dragons
  8 water moccasins
  A glowing shapeshifter skeleton (Vaults:3)
  34 orc warriors
  A swamp drake (Lair:1)
  2 sky beasts
  A black bear (D:6)
  7 wolves
  9 ogres
  10 boggarts
  6 centaurs
  3 kobold brigands
  2 phantoms
  A nameless horror (Lair:1)
  5 bullfrogs
  A gnoll sergeant (D:8)
  9 scorpions
  6 wights
  9 killer bees
  9 vampire bats (Bailey)
  5 wolf zombies (Bailey)
  3 electric eels (Lair:3)
  2 howler monkeys
  A lava snake (D:9)
  8 hounds
  9 orc priests
  4 jellies
  3 gnoll boudas
  A basilisk skeleton (Crypt:1)
  8 iguanas
  13 orc wizards
  Terence (D:2)
  3 mummies (Crypt:1)
  A boggart simulacrum (D:15)
  Robin (D:2)
  18 gnolls
  7 adders
  A white imp (D:7)
  4 ufetubi (D:6)
  2 worms (D:4)
  5 dart slugs
  42 orcs
  8 ball pythons
  2 endoplasms
  2 giant cockroaches
  18 goblins
  10 hobgoblins
  4 jackals (D:2)
  10 kobolds
  5 quokkas
  3 bats
  3 frilled lizards
  A goblin skeleton (Crypt:1)
  18 orc zombies (Bailey)
  8 rats
  A ballistomycete spore (Vaults:1)
1111 creatures vanquished.

Vanquished Creatures (collateral kills)
  A juggernaut (Depths:4)
  Rupert (Lair:3)
  Polyphemus (Shoals:4)
  An ancient champion (Vaults:2)
  3 emperor scorpions
  2 frost giants
  Ilsuiw (Shoals:2)
  3 vault wardens
  A fire giant (Depths:1)
  An orc warlord (Orc:2)
  3 ironbound preservers
  An ironbound thunderhulk (Vaults:3)
  3 stone giants
  A merfolk javelineer (Shoals:4)
  A fire dragon (Depths:2)
  Josephine (D:10)
  5 ice dragons
  A yaktaur captain (Vaults:4)
  2 entropy weavers
  2 rakshasas
  2 hydras
  A vault guard (Vaults:4)
  2 great orbs of eyes
  6 ironbound frosthearts
  A catoblepas (Shoals:3)
  A jorogumo (Spider:2)
  6 two-headed ogres
  4 boulder beetles
  Erica (D:10)
  3 centaur warriors
  A radroach (Spider:1)
  4 death yaks
  4 tengu warriors
  A deep troll shaman (Depths:1)
  4 demonic crawlers
  3 hell knights (Depths:4)
  An orc high priest (Orc:1)
  2 skysharks
  A glowing orange brain (Depths:2)
  4 deep trolls
  2 pharaoh ants (Spider:3)
  4 sea snakes
  5 orb spiders
  2 arcanists
  6 harpies
  6 steelbarb worms
  8 orc knights
  A necromancer (Depths:4)
  A deep elf pyromancer (D:12)
  7 wolf spiders
  7 ugly things
  6 fauns
  7 manticores
  3 elephants (Lair:4)
  3 black mambas
  3 merfolk sirens
  A kobold blastminer (Orc:2)
  3 vault sentinels
  A water nymph (Shoals:1)
  3 torpor snails
  2 cane toads (Lair:4)
  2 komodo dragons (Lair:4)
  A kobold demonologist (D:10)
  8 rime drakes (IceCv)
  3 freezing wraiths
  6 yaktaurs
  2 tengu conjurers (Depths:2)
  5 trolls
  7 merfolk
  A meliai (D:13)
  2 polar bears (IceCv)
  14 tarantellas
  A tarantella (shapeshifter) (D:13)
  4 hornets
  4 wind drakes
  5 blink frogs
  2 dream sheep
  9 slime creatures
  7 jumping spiders
  12 culicivoras
  A spriggan skeleton (Depths:1)
  6 basilisks
  8 spriggans
  2 wyverns
  20 yaks
  32 redbacks
  2 vampire mosquitoes
  A steam dragon (D:10)
  2 wargs (Orc:2)
  A water moccasin (Lair:5)
  10 orc warriors
  3 black bears (Lair:5)
  6 ogres
  12 wolves
  A centaur (D:11)
  6 bullfrogs
  2 wights (D:10)
  A killer bee (D:10)
  A jelly (Lair:4)
  7 orc priests
  5 orc wizards
  25 orcs
  5 kobolds (D:10)
  35 ballistomycete spores
457 creatures vanquished.

Vanquished Creatures (others)
  An ironbound thunderhulk (Vaults:2)
  An occultist (Depths:1)
  3 orb spiders (Spider:4)
  A tarantella (Spider:3)
  A culicivora (Spider:2)
  2 sleepcaps
  A gnoll (D:8)
  A ballistomycete spore (IceCv)
11 creatures vanquished.

Grand Total: 1579 creatures vanquished

Notes
Turn   | Place    | Note
-------+----------+-------------------------------------------
     0 | D:1      | Twinkles the Draconian Air Elementalist began the quest for
                  | the Orb.
     0 | D:1      | Reached XP level 1. HP: 14/14 MP: 3/3
   257 | D:1      | Reached XP level 2. HP: 20/20 MP: 0/5
   596 | D:1      | Learned a level 2 spell: Static Discharge
  1089 | D:2      | Found a faded altar of an unknown god.
  1106 | D:2      | Noticed Sigmund
  1123 | D:2      | Reached XP level 3. HP: 19/27 MP: 1/6
  1419 | D:2      | Reached skill level 1 in Fighting
  1471 | D:2      | Reached XP level 4. HP: 26/35 MP: 2/7
  2121 | D:2      | Noticed Robin
  2144 | D:2      | HP: 10/36 [Robin/+0 spear (4)]
  2150 | D:2      | HP: 6/36 [Robin/+0 spear (5)]
  2153 | D:2      | HP: 2/36 [Robin/+0 spear (2)]
  2160 | D:2      | Killed Robin
  2161 | D:2      | Reached XP level 5. HP: 4/41 MP: 0/9
  2405 | D:2      | Noticed Terence
  2413 | D:2      | Killed Terence
  2989 | D:3      | Found a runed translucent door.
  2990 | D:3      | Noticed Crazy Yiuf
  3118 | D:3      | Found a snail-covered altar of Cheibriados.
  3478 | D:4      | Reached XP level 6. HP: 43/50 MP: 5/11
  3533 | D:4      | You fall into a shaft and drop 1 floor!
  3533 | D:5      | Entered Level 5 of the Dungeon
  3614 | D:5      | Found an ancient bone altar of Kikubaaqudgha.
  3741 | D:4      | Found a burning altar of Makhleb.
  3908 | D:4      | Your scales start taking on a fiery red colour.
  3908 | D:4      | Reached XP level 7. HP: 18/59 MP: 3/13
  3908 | D:4      | Gained mutation: Your flesh is heat resistant. (rF+) [Red
                  | Draconian growth]
  4246 | D:4      | Found a blossoming altar of Fedhas.
  4848 | D:4      | Noticed Menkaure
  4854 | D:4      | Killed Menkaure
  4855 | D:4      | Reached skill level 5 in Fighting
  5032 | D:4      | Learned a level 3 spell: Swiftness
  5064 | D:5      | Found a staircase to the Ecumenical Temple.
  5071 | Temple   | Entered the Ecumenical Temple
  5111 | D:4      | Became a worshipper of Fedhas Madash
  5177 | D:5      | Reached XP level 8. HP: 66/68 MP: 8/15
  5887 | D:5      | Reached skill level 5 in Spellcasting
  5887 | D:5      | Reached skill level 4 in Air Magic
  5887 | D:5      | Reached skill level 1 in Invocations
  5931 | D:5      | Reached skill level 1 in Shields
  5960 | D:6      | Found a radiant altar of Vehumet.
  6170 | D:6      | Noticed Prince Ribbit
  6330 | D:6      | Reached * piety under Fedhas
  6462 | D:6      | Found Afizoriz's Armour Boutique.
  6623 | D:6      | Learned a level 4 spell: Airstrike
  6892 | D:6      | Killed Prince Ribbit
  6893 | D:6      | Reached skill level 5 in Air Magic
  6893 | D:6      | Reached XP level 9. HP: 74/75 MP: 9/17
  7617 | D:7      | Reached ** piety under Fedhas
  7808 | D:7      | Found Lelox's Elemental Accessories.
  8120 | D:7      | Reached skill level 6 in Air Magic
  8128 | D:7      | Reached skill level 5 in Invocations
  8457 | D:8      | Noticed a two-headed ogre
  8571 | D:8      | Found a flagged portal.
  8611 | D:8      | Reached XP level 10. HP: 69/86 MP: 12/19
  8630 | Bailey   | Entered a bailey
  9159 | Bailey   | Reached *** piety under Fedhas
  9254 | Bailey   | Reached skill level 1 in Summonings
  9524 | Bailey   | Noticed a gargoyle
 10095 | D:8      | Found a staircase to the Lair.
 10136 | D:8      | Identified the +8 mace of Terror {heavy, rC+}
 10283 | D:8      | Reached skill level 7 in Air Magic
 10656 | D:9      | Reached **** piety under Fedhas
 10889 | D:9      | Found a staircase to the Orcish Mines.
 11074 | D:9      | Noticed a two-headed ogre
 11127 | D:8      | Killed a two-headed ogre
 11985 | D:9      | Killed a two-headed ogre
 12086 | D:10     | Entered Level 10 of the Dungeon
 12096 | D:10     | Reached XP level 11. HP: 86/97 MP: 10/20
 12244 | D:10     | Reached skill level 8 in Air Magic
 12341 | D:7      | Bought the Information on Breath for 494 gold pieces
 12349 | D:7      | Learned a level 3 spell: Mephitic Cloud
 12354 | D:7      | Learned a level 4 spell: Summon Lightning Spire
 12408 | D:10     | Found a white marble altar of Elyvilon.
 12408 | D:10     | Found an ornate altar of the Wu Jian Council.
 12742 | D:10     | Noticed a sun demon
 12926 | D:10     | Found an opulent altar of Gozag.
 12928 | D:10     | Noticed Josephine
 13201 | Lair:1   | Entered Level 1 of the Lair of Beasts
 13560 | Lair:1   | Found a gate leading to a gauntlet.
 13582 | Gauntlet | Entered a Gauntlet
 13582 | Gauntlet | Noticed a tengu warrior
 13582 | Gauntlet | Found a transporter.
 13582 | Gauntlet | Found a transporter.
 13583 | Gauntlet | Found a transporter.
 13585 | Gauntlet | Found a transporter.
 13586 | Gauntlet | Found a transporter.
 13598 | Gauntlet | Found a transporter.
 13600 | Gauntlet | Found a transporter.
 13609 | Gauntlet | Noticed a wretched star
 13610 | Gauntlet | Found a transporter.
 13701 | Gauntlet | Found a transporter.
 13711 | Gauntlet | Found a transporter.
 13715 | Gauntlet | Found a transporter.
 13853 | Gauntlet | Found a transporter.
 14200 | Lair:1   | Noticed a death yak
 14201 | Lair:1   | Noticed a death yak
 14205 | Lair:1   | Noticed a death yak
 14247 | Lair:1   | Killed a death yak
 14248 | Lair:1   | Reached skill level 10 in Fighting
 14271 | Lair:1   | Killed a death yak
 14384 | Lair:1   | Killed a death yak
 14385 | Lair:1   | Reached skill level 9 in Air Magic
 14542 | Lair:1   | HP: 29/100 [rime drake/icy flash freeze (18)]
 15178 | Lair:2   | Reached skill level 5 in Conjurations
 15192 | Lair:2   | Reached skill level 1 in Ice Magic
 15493 | Lair:2   | Noticed a five-headed hydra
 15505 | Lair:2   | Killed a five-headed hydra
 15506 | Lair:2   | Reached XP level 12. HP: 75/108 MP: 15/23
 16253 | Lair:3   | Noticed Urug
 16384 | Lair:3   | Found a hole to the Spider Nest.
 16533 | Lair:3   | Noticed Gastronok
 16545 | Lair:3   | Killed Gastronok
 16546 | Lair:3   | Reached skill level 10 in Air Magic
 16555 | Lair:3   | Killed Urug
 16830 | Lair:3   | Found a staircase to the Shoals.
 17160 | Lair:3   | Noticed Rupert
 17167 | Lair:3   | Upgraded the game from 0.31-a0-1074-g0b22e4e0f1 to
                  | 0.31-a0-1163-gcee99d1eea
 17563 | Lair:4   | Noticed a death yak
 17628 | Lair:4   | Noticed a death yak
 17638 | Lair:4   | Killed a death yak
 17641 | Lair:4   | Noticed a death yak
 17645 | Lair:4   | Noticed a death yak
 17793 | Lair:3   | Upgraded the game from 0.31-a0-1163-gcee99d1eea to
                  | 0.31-a0-1165-g196b491b36
 18144 | Lair:4   | Found a viscous altar of Jiyva.
 18174 | Lair:4   | Reached XP level 13. HP: 118/118 MP: 9/25
 18564 | Lair:4   | Found a staircase to the Slime Pits.
 18579 | Lair:4   | Learned a level 5 spell: Freezing Cloud
 18603 | Lair:4   | Reached ***** piety under Fedhas
 18610 | Lair:4   | Reached skill level 11 in Air Magic
 19519 | Lair:5   | Entered Level 5 of the Lair of Beasts
 20672 | Lair:5   | Learned a level 2 spell: Blink
 21140 | Lair:5   | HP: 30/122 [spriggan rider/+0 spear (14)]
 21668 | Lair:5   | Reached skill level 1 in Short Blades
 22112 | D:8      | Upgraded the game from 0.31-a0-1165-g196b491b36 to
                  | 0.31-a0-1172-g9944ec47dd
 22269 | D:10     | Killed Josephine
 22675 | D:11     | Found Umoqy's General Store.
 22768 | D:11     | Found Dutuc's Weapon Boutique.
 22950 | D:11     | Found Bagic's Assorted Antiques.
 22983 | D:11     | Found Biriu's Antique Weapon Shoppe.
 23060 | D:11     | Found Eschuev's Armour Emporium.
 23198 | D:12     | Noticed Nergalle
 23437 | D:12     | Reached skill level 12 in Air Magic
 23437 | D:12     | Reached XP level 14. HP: 129/129 MP: 16/27
 24147 | D:12     | Found Kozaume's Magic Scroll Shop.
 24155 | D:12     | Bought a scroll of teleportation for 33 gold pieces
 24155 | D:12     | Bought a scroll of amnesia for 44 gold pieces
 24155 | D:12     | Bought a scroll of fog for 44 gold pieces
 24364 | D:12     | Killed Nergalle
 24558 | D:12     | Found a hazy altar of Hepliaklqana.
 25437 | D:13     | Identified the +2 short sword of Impatience {speed, rF++
                  | Stlth+}
 26204 | D:13     | Reached skill level 10 in Spellcasting
 27013 | Orc:1    | Entered Level 1 of the Orcish Mines
 27191 | D:9      | Reached skill level 10 in Conjurations
 28163 | Orc:2    | Entered Level 2 of the Orcish Mines
 28182 | Orc:2    | Found a staircase to the Elven Halls.
 28542 | Orc:2    | Found a burning altar of Makhleb.
 28599 | Orc:2    | Noticed an orc warlord
 28840 | Orc:2    | Killed an orc warlord
 29273 | Orc:2    | Found Fafek's Weapon Shoppe.
 29569 | Orc:2    | Reached ****** piety under Fedhas
 30833 | Orc:2    | Noticed an orc warlord
 30857 | Orc:2    | Killed an orc warlord
 31228 | Orc:2    | Reached XP level 15. HP: 139/139 MP: 12/29
 31312 | Orc:2    | Reached skill level 13 in Air Magic
 31624 | Orc:2    | Found Ircheac's Antique Weapon Shoppe.
 31640 | Orc:2    | Found Bayrec's Jewellery Shoppe.
 31656 | Orc:2    | Found Zofor's General Store.
 31672 | Orc:2    | Found Kogam's Antique Armour Shoppe.
 31679 | Orc:2    | Bought a pair of embroidered gloves for 165 gold pieces
 31853 | D:10     | Noticed Erica
 31861 | D:10     | Killed Erica
 32030 | D:10     | Identified the +1 morningstar of Currency {flame, rF- Int+2
                  | SInv}
 32593 | D:14     | Reached skill level 5 in Dodging
 32938 | D:14     | Found a gate to the Vaults.
 33582 | D:15     | Entered Level 15 of the Dungeon
 34442 | D:15     | Identified the amulet of the Saviour {Spirit -Cast rPois
                  | rC+++ Str-2}
 35033 | D:15     | Found a staircase to the Depths.
 36701 | D:15     | Reached skill level 15 in Fighting
 37079 | Shoals:1 | Entered Level 1 of the Shoals
 37345 | Lair:3   | Upgraded the game from 0.31-a0-1172-g9944ec47dd to
                  | 0.31-a0-1178-gc5c9b8f871
 37357 | Lair:3   | Killed Rupert
 37879 | Shoals:1 | Identified the +3 long sword of Extinguishment {holy, Will+
                  | Dex+3}
 38540 | Shoals:1 | Found a blossoming altar of Fedhas.
 39448 | Shoals:2 | Noticed Louise
 39457 | Shoals:2 | Killed Louise
 39842 | Shoals:2 | Noticed Ilsuiw
 39856 | Shoals:2 | Killed Ilsuiw
 39857 | Shoals:2 | Reached XP level 16. HP: 149/149 MP: 13/31
 40487 | Shoals:2 | Reached skill level 10 in Invocations
 41852 | Shoals:3 | Found a frozen archway.
 41865 | IceCv    | Entered an ice cave
 45990 | Orc:2    | Bought the +8 lance "Wyrmbane" {slay drac, rPois rF+ rC+
                  | AC+3} for 1373 gold pieces
 45990 | Orc:2    | Found the +8 lance "Wyrmbane" {slay drac, rPois rF+ rC+
                  | AC+3}
 46126 | Spider:1 | Entered Level 1 of the Spider Nest
 48777 | Shoals:3 | Identified the ring "Hanuhi Losu" {Fire rCorr MP+9 Str+7
                  | Int-4}
 49634 | Shoals:3 | Reached XP level 17. HP: 130/160 MP: 23/33
 50114 | Shoals:4 | Entered Level 4 of the Shoals
 50170 | Shoals:4 | Noticed Polyphemus
 51072 | Shoals:4 | Noticed Bai Suzhen
 52142 | Shoals:4 | Reached skill level 10 in Dodging
 53459 | Shoals:4 | Killed Polyphemus
 53605 | Shoals:4 | Got a barnacled rune of Zot
 54163 | Spider:2 | Identified the dragon-blood talisman "Riptic" {*Corrode rF+
                  | rN+ Int+7}
 55194 | Spider:2 | Learned a level 2 spell: Lesser Beckoning
 57167 | Spider:2 | Noticed Arachne
 57180 | Spider:2 | Killed Arachne
 57645 | Spider:4 | Entered Level 4 of the Spider Nest
 57864 | Spider:3 | Reached skill level 14 in Air Magic
 59749 | Spider:4 | Reached XP level 18. HP: 165/173 MP: 10/34
 62633 | Spider:4 | Learned a level 4 spell: Sticky Flame
 62638 | Spider:4 | Learned a level 4 spell: Iskenderun's Mystic Blast
 62641 | Spider:4 | Upgraded the game from 0.31-a0-1178-gc5c9b8f871 to
                  | 0.31-a0-1204-ge2c1a860ed
 63836 | Spider:4 | Reached skill level 15 in Invocations
 64000 | Spider:4 | Got a gossamer rune of Zot
 64331 | Vaults:1 | Entered Level 1 of the Vaults
 64365 | Vaults:1 | Noticed Donald
 64389 | Vaults:1 | Killed Donald
 65135 | Vaults:1 | Reached skill level 15 in Air Magic
 65166 | Vaults:1 | Noticed Zenata
 65187 | Vaults:1 | Noticed Saint Roka
 65394 | Vaults:1 | Learned a level 5 spell: Arcjolt
 65584 | Vaults:1 | Got the Cyclopedia of Putrescence and the Wyrd
 66494 | Vaults:1 | HP: 52/176 [ettin/+0 dire flail (37)]
 66987 | Vaults:2 | Upgraded the game from 0.31-a0-1204-ge2c1a860ed to
                  | 0.31-a0-1206-g41278d8d1d
 67330 | Vaults:1 | Killed Saint Roka
 67406 | Vaults:2 | Paralysed by a vampire knight for 3 turns
 67414 | Vaults:1 | HP: 27/176 [vampire knight/+0 great sword (26)]
 67695 | Vaults:1 | Found Dust's Antique Armour Shoppe.
 68288 | Vaults:2 | Reached XP level 19. HP: 182/182 MP: 29/35
 68616 | Vaults:2 | Found Bicusuugg's Antique Weapon Shoppe.
 68710 | Vaults:2 | Found a staircase to the Crypt.
 68845 | Vaults:2 | You fall into a shaft and drop 1 floor!
 70848 | Vaults:3 | Reached skill level 16 in Air Magic
 72566 | Vaults:3 | Learned a level 4 spell: Vhi's Electric Charge
 73243 | Vaults:3 | Reached skill level 17 in Air Magic
 73680 | Vaults:2 | Found Onlifuaq's Armour Shop.
 74549 | Vaults:4 | Reached skill level 15 in Conjurations
 75768 | Vaults:2 | Reached skill level 18 in Air Magic
 76173 | Depths:1 | Entered Level 1 of the Depths
 76282 | Depths:1 | Found a gateway to Hell.
 76462 | Depths:1 | Reached XP level 20. HP: 168/191 MP: 23/37
 76474 | Depths:1 | HP: 38/191 [cyan very ugly thing (21)]
 76992 | Depths:1 | Found a basalt altar of Yredelemnul.
 77769 | Depths:1 | Found Hyrol's Armour Shop.
 78042 | Depths:1 | Found a runed translucent door.
 78042 | Depths:1 | Noticed L4yla's ghost (master HOFi)
 78148 | Depths:1 | Found a one-way gateway to a ziggurat.
 78411 | Depths:1 | Reached skill level 19 in Air Magic
 78592 | Depths:1 | Learned a level 8 spell: Maxwell's Capacitive Coupling
 78818 | Depths:2 | Found a one-way gate leading to the halls of Pandemonium.
 79956 | Depths:2 | Found Yliaz's Jewellery Shop.
 79961 | Depths:2 | Found Gifeggiu's Distillery.
 79968 | Depths:2 | Bought a potion of cancellation for 152 gold pieces
 80660 | Depths:3 | Noticed a juggernaut
 80664 | Depths:3 | Killed a juggernaut
 81278 | Depths:3 | You fall into a shaft and drop 1 floor!
 81278 | Depths:4 | Entered Level 4 of the Depths
 81280 | Depths:4 | Noticed Jory
 81288 | Depths:4 | Noticed a juggernaut
 81364 | Depths:4 | Noticed a juggernaut
 81369 | Depths:4 | Noticed a juggernaut
 81381 | Depths:4 | Killed a juggernaut
 81417 | Depths:4 | Killed a juggernaut
 81420 | Depths:4 | Noticed Margery
 81426 | Depths:4 | Killed Margery
 81815 | Depths:3 | Found a one-way gate to the infinite horrors of the Abyss.
 81859 | Depths:3 | Reached skill level 20 in Air Magic
 82052 | Depths:3 | HP: 47/191 [spark wasp (15)]
 82053 | Depths:3 | HP: 23/191 [spark wasp (14)]
 82059 | Depths:3 | HP: 31/191 [spark wasp (8)]
 82694 | Depths:3 | Found a shimmering blue altar of Sif Muna.
 83708 | Depths:4 | Killed a juggernaut
 83713 | Depths:4 | Killed Jory
 83944 | Depths:3 | Reached XP level 21. HP: 148/198 MP: 30/38
 86050 | Depths:4 | Noticed a golden dragon
 86453 | Depths:4 | Reached skill level 21 in Air Magic
 86823 | Depths:3 | Killed a golden dragon
 87107 | Depths:4 | Found an opulent altar of Gozag.
 87134 | Depths:4 | Found a gate to the Realm of Zot.
 87746 | D:11     | Bought a twisted glowing staff for 396 gold pieces
 87754 | D:11     | Upgraded the game from 0.31-a0-1206-g41278d8d1d to
                  | 0.31-a0-1227-g0136665373
 87979 | Vaults:4 | Reached skill level 1 in Polearms
 89053 | Vaults:4 | Identified the serpent talisman "Cintyki" {rN+ Slay+3
                  | Stlth+}
 89053 | Vaults:4 | Noticed Aizul
 89177 | Vaults:4 | Reached skill level 5 in Polearms
 89273 | Vaults:4 | Found Ipteasad's Weapon Shop.
 89958 | Vaults:4 | Found Osusei's Armour Shop.
 90086 | Vaults:4 | Killed Aizul
 90686 | Vaults:4 | Bought the +5 Storm Queen's Shield {shock, Fly rElec} for
                  | 820 gold pieces
 90686 | Vaults:4 | Found the +5 Storm Queen's Shield {shock, Fly rElec}
 90888 | Crypt:1  | Entered Level 1 of the Crypt
 91381 | Crypt:1  | Reached skill level 5 in Shields
 91493 | Crypt:1  | HP: 41/194 [??? (38)]
 91498 | Crypt:1  | HP: 34/194 [??? (32)]
 91498 | Crypt:1  | HP: 14/194 [jiangshi[a curse skull] (4)]
 91529 | Crypt:1  | Slain by a phantasmal warrior

Illustrated notes

Levels and vault maps discovered:
D:1:      ncdulo_halloftheorcs, layout_basic, due_unseen_surprise
D:2:      layout_loops_corners, shapermc_ecumenical_altar_gd, uniq_sigmund,
          uniq_terence, uniq_robin
D:3:      layout_basic, cheibriados_altar_1, cheibrodos_gnoll_hut,
          uniq_crazy_yiuf_cottage
D:4:      layout_loops_ring, overflow_temple_1_default,
          mainiacjoe_overflow_concentric_impassable, minmay_quantized,
          uniq_menkaure
D:5:      layout_loops_ring, kiku_gazebo_pond_becter,
          minmay_temple_entry_steel_oval, chequers_serial_rivers_small_a,
          chequers_garden
D:6:      layout_basic, vehumet_altar_wand_db, serial_shops, nicolae_shop_trees,
          uniq_prince_ribbit1
D:7:      minmay_s_stair_smasher, layout_rooms, nicolae_elemental_shop
D:8:      layout_basic, lair_entry_dummy, enter_bailey_2
D:9:      layout_cave_pools, orc_0_dummy, amcnicky_mini_pool_medium
D:10:     layout_gridville, mainiacjoe_overflow_small_starburst,
          gammafunk_temple_overflow_wave, uniq_erica, uniq_josephine
D:11:     layout_rooms, serial_shops, shop, nicolae_shop_back_alley_shop, shop,
          shop, nicolae_shop_hallway_stairs
D:12:     layout_cave_pools, serial_shops, shop, chequers_jeans,
          nicolae_hepliaklqana_hippocampus, uniq_nergalle
D:13:     layout_roguey, chequers_serial_rivers_micro_a, minivault_28
D:14:     layout_long_grid, hellmonk_vaults_attempted_burglary
D:15:     hellmonk_depths_entry_around_the_bend, layout_basic,
          minmay_tree_intersection, hellmonk_talismancer
Temple:   jpeg_temple_clearing
Lair:1:   layout_loops_ring, gauntlet_entry_generic, hibernation_bobbens
Lair:2:   layout_concentric_octagons
Lair:3:   layout_regular_city, elwin_shoals_entry_stream,
          spider_nest_entry_webs, disabler_island, lemuel_fruit_tree,
          grunt_megastairs_3, uniq_urug, uniq_rupert, uniq_gastronok
Lair:4:   layout_cellular_growth, nicolae_slime_entry_field_trip,
          grunt_megastairs_5, infiniplex_staircase_pool
Lair:5:   minmay_lair_end_enchanted_forest, layout_cave_pods,
          kennysheep_basilisk_garden
Shoals:1: layout_shoals, lemuel_oklob_altar
Shoals:2: layout_shoals, nicolae_shoals_stone_sculpture_thing, uniq_ilsuiw,
          uniq_louise
Shoals:3: layout_shoals, portal_ice_cave_entry_pillars_2
Shoals:4: shoals_end_simple, layout_shoals, ebering_ghost_rock_garden,
          nicolae_shoals_the_drawing_of_the_three, uniq_bai_suzhen,
          uniq_polyphemus
Spider:1: layout_spider_delve, drop_trap
Spider:2: layout_chambers, nicolae_spider_nook, uniq_arachne
Spider:3: layout_spider_delve
Spider:4: grunt_spider_rune_island
Orc:1:    layout_caves
Orc:2:    grunt_orc_cross, layout_diamond_mine, serial_shops, shop,
          hangedman_feature_mirror
Vaults:1: vaults_room_pool, nicolae_vaults_security_offices_4,
          nicolae_vaults_little_squares_1, nicolae_vaults_steering_wheel,
          grunt_vaults_hallway_short, hangedman_vaults_snaps, v_misc_23,
          v_pattern_4, layout_vaults_omnigrid, serial_shops,
          nicolae_shop_temple_entry_statues_fountains, uniq_zenata,
          uniq_saint_roka, uniq_donald
Vaults:2: portal_desolation_entry_garden, minmay_crypt_entry_simple_round,
          nicolae_vaults_mitosis, hangedman_vaults_corner_blocks,
          nicolae_vaults_little_squares_1, nicolae_vaults_double_plus_2,
          vaults_room_grunt_arrival_ludios, special_room_vaults
          [special_room_orc], nicolae_vaults_weapon_check,
          nicolae_vaults_trapezoid_3, nicolae_vaults_house_3,
          layout_vaults_big_room, serial_shops, nicolae_shop_peninsula,
          shop_statue
Vaults:3: nicolae_vaults_network_periphery, hangedman_vaults_corner_blocks,
          vaults_mumra_minichess, nicolae_vaults_little_squares_5,
          nicolae_vaults_offset_grid_hallway_3,
          nicolae_vaults_storage_closets_3, grunt_vaults_hallway_short,
          nicolae_vaults_little_squares_4, hangedman_vaults_hat, v_pattern_5,
          nicolae_vaults_trapezoid_lopsided_2, vaults_dpeg_doors,
          nicolae_vaults_tetromino_Z_2, nicolae_vaults_little_squares_3,
          hangedman_vaults_corner_blocks, layout_vaults_maze
Vaults:4: st_diamondy, grunt_vaults_trifunnel, ontoclasm_vaults_gateway,
          ontoclasm_vaults_twist, nicolae_vaults_sealed_display,
          nicolae_vaults_octothorpe, nicolae_vaults_taking_the_gang_shopping,
          v_misc_5, hangedman_vaults_river_flow, layout_vaults_omnicross,
          serial_shops, nicolae_lakefront_shop, uniq_aizul
Crypt:1:  layout_misc_corridors, serial_glass, glass_columns_a, glass_columns_b,
          corexii_hall_statues_x, columned_hall_lemuel,
          grunt_crypt_arrival_webbed, uniq_frederick, uniq_khufu
Depths:1: layout_long_grid, enter_ziggurat_f, serial_shops,
          nicolae_shop_mannequins, nrook_pool_corridor, hell_entry,
          infiniplex_enter_wizlab_water, hellmonk_ghost_happy_afterlife,
          yredelemnul_altar_generic
Depths:2: hellmonk_destroyed_diamonds, layout_cross, pan_entry, hell_entry,
          minmay_hedge_maze, infiniplex_staircase_zigzag_4, minmay_shop_star
Depths:3: kennysheep_cluttered_fort, layout_cave_shapes,
          grunt_hell_entry_dis_grunt, abyss_entry, minmay_misc_feat_tiny,
          nicolae_sif_muna_little_library, minmay_staircase_bubble
Depths:4: grunt_zot_entry_alcove, layout_cave_pools, hell_entry,
          nicolae_gozag_seed_capital, minmay_misc_feat_x, uniq_jory,
          uniq_margery

Skill      XL: |  1  2  3  4  5  6  7  8  9 10 11 12 13 14 15 16 17 18 19 20 21 |
---------------+----------------------------------------------------------------+-----
Stealth        | 2 4 |  4.8
Dodging        | 2 4 6 9 10 | 10.0
Fighting       | 1 2 4 5 6 7 9 10 12 13 14 15 16 18 19 | 19.0
Conjurations   | 2 3 4 5 7 9 10 11 12 13 15 16 17 | 17.2
Spellcasting   | 3 4 5 6 7 8 9 10 11 12 13 | 13.1
Air Magic      | 5 6 7 9 10 12 13 14 15 18 20 21 | 21.1
Invocations    | 3 5 7 9 12 14 15 | 15.0
Shields        | 2 5 |  5.0
Summonings     | 4 |  4.2
Ice Magic      | 1 3 |  3.8
Short Blades   | 2 3 |  3.9
Polearms       | 7 |  7.4

Action                     |  1- 3 |  4- 6 |  7- 9 | 10-12 | 13-15 | 16-18 | 19-21 || total
---------------------------+-------+-------+-------+-------+-------+-------+-------++-------
  Melee: Unarmed           |     9 |       |       |       |       |       |       ||     9
         Short sword       |    62 |    89 |       |       |       |       |       ||   151
         Tailslap          |     5 |    27 |    29 |    32 |    44 |    97 |   206 ||   440
         Punch             |     2 |     3 |       |       |       |       |       ||     5
         Dagger            |       |    97 |   175 |   187 |   183 |     4 |       ||   646
         Lance             |       |       |       |       |       |   453 |   905 ||  1358
         Long sword        |       |       |       |       |       |     2 |       ||     2
   Cast: Shock             |    25 |     8 |   175 |   227 |   237 |   239 |    12 ||   923
         Static Discharge  |     8 |    28 |    35 |    44 |    47 |   134 |    21 ||   317
         Airstrike         |       |       |     3 |    36 |   290 |   473 |   119 ||   921
         Summon Lightning  |       |       |       |    36 |   209 |   244 |    83 ||   572
         Mephitic Cloud    |       |       |       |     8 |     9 |     5 |     5 ||    27
         Freezing Cloud    |       |       |       |       |    19 |    10 |     2 ||    31
         Blink             |       |       |       |       |     1 |     7 |     4 ||    12
         Swiftness         |       |       |       |       |     1 |       |     2 ||     3
         Lesser Beckoning  |       |       |       |       |       |     9 |       ||     9
         Arcjolt           |       |       |       |       |       |    34 |   220 ||   254
         Sticky Flame      |       |       |       |       |       |    10 |    45 ||    55
         Iskenderun's Myst |       |       |       |       |       |     2 |       ||     2
         Vhi's Electric Ch |       |       |       |       |       |       |    20 ||    20
         Maxwell's Capacit |       |       |       |       |       |       |    13 ||    13
 Invoke: Wall of Briars    |       |       |       |     9 |    10 |    15 |     6 ||    40
         Grow Ballistomyce |       |       |       |     1 |     5 |     6 |       ||    12
         Grow Oklob        |       |       |       |       |     1 |       |     3 ||     4
Ability: Breathe Fire      |       |       |    11 |    49 |    33 |    42 |     5 ||   140
  Evoke: Wand              |       |       |       |     4 |     9 |    35 |     3 ||    51
    Use: Scroll            |       |       |     6 |     6 |    12 |     8 |    16 ||    48
         Potion            |       |       |       |       |     4 |     2 |    13 ||    19
   Stab: Sleeping          |     1 |     5 |     2 |     6 |     4 |       |     5 ||    23
         Distracted        |       |       |       |     4 |    10 |    11 |    20 ||    45
         Confused          |       |       |       |     1 |       |     3 |     2 ||     6
         Petrified         |       |       |       |       |       |     2 |       ||     2
 Armour: Skin              |    43 |   141 |   146 |   187 |   325 |   988 |   955 ||  2785
  Dodge: Dodged            |    49 |   110 |   181 |   217 |   259 |   998 |   892 ||  2706
  Block: Buckler           |       |       |    71 |    97 |   122 |   231 |   190 ||   711
         Kite shield       |       |       |       |       |       |       |    57 ||    57

Table legend: (Time is in decaauts)
 A = Elapsed time spent in this place.
 B = Non-inter-level travel time spent in this place.
 C = Inter-level travel time spent in this place.
 D = Time resting spent in this place.
 E = Time spent auto-exploring this place.
 F = Levels seen in this place.
 G = Mean time per level.
                   A        B        C        D        E       F      G
               +--------+--------+--------+--------+--------+-----+--------+
         Total |  92512 |  82691 |   9821 |  27676 |  35286 |  43 | 2151.4 |
       Dungeon |  23431 |  20801 |   2630 |   2777 |  13612 |  15 | 1562.1 |
        Temple |      1 |      0 |      1 |      0 |      0 |   1 |    1.0 |
          Lair |   9708 |   8556 |   1152 |   1890 |   4465 |   5 | 1941.6 |
        Shoals |   9948 |   8405 |   1543 |   5333 |   1562 |   4 | 2487.0 |
   Spider Nest |  12435 |  11261 |   1174 |   4568 |   4353 |   4 | 3108.8 |
  Orcish Mines |   4499 |   4132 |    367 |   1323 |   1720 |   2 | 2249.5 |
        Vaults |  15223 |  13252 |   1971 |   5599 |   4533 |   4 | 3805.8 |
         Crypt |    587 |    548 |     39 |     51 |    153 |   1 |  587.0 |
        Depths |  11085 |  10143 |    942 |   4123 |   3689 |   4 | 2771.2 |
        Bailey |   1071 |   1071 |      0 |    346 |     92 |   1 | 1071.0 |
      Ice Cave |   3926 |   3926 |      0 |   1666 |    971 |   1 | 3926.0 |
      Gauntlet |    592 |    592 |      0 |      0 |    134 |   1 |  592.0 |
               +--------+--------+--------+--------+--------+-----+--------+

Top non-repeatable levels by time:
Vaults:3: 5763 daAuts
Shoals:3: 4023 daAuts
Depths:3: 3993 daAuts
Vaults:1: 3960 daAuts
   IceCv: 3926 daAuts
Spider:4: 3532 daAuts
    D:15: 3401 daAuts
Spider:3: 3280 daAuts
Vaults:4: 3047 daAuts
   Orc:2: 2855 daAuts
  Lair:3: 2831 daAuts
Spider:1: 2818 daAuts
Spider:2: 2803 daAuts
Depths:1: 2740 daAuts
Depths:4: 2648 daAuts
